 Dungeon Crawl Stone Soup version 0.31-a0-977-gc230f8ef24 (webtiles) character file.

Game seed: 4613784936969269888

34262 dialectric the Basher (level 13, -8/104 (106) HPs)
             Began as a Demonspawn Berserker on Oct 29, 2023.
             Was the Champion of Trog.
             Shot with a bolt by a tengu warrior (11 damage)
             ... on level 13 of the Dungeon.
             The game lasted 00:28:14 (12695 turns).

dialectric the Basher (Demonspawn Berserker)       Turns: 12695, Time: 00:28:14

HP:   -8/104 (106)  AC: 15    Str: 27    XL:     13   Next: 41%
MP:   0/13          EV: 14    Int:  8    God:    Trog [******]
Gold: 1054          SH:  9    Dex: 27    Spells: 12/12 levels left

rFire   x . .        q - +5 morningstar (heavy)
rCold   + + +        J - +2 buckler {rC+}
rNeg    . . .        E - +1 ice dragon scales
rPois   .            (helmet restricted)
rElec   .            s - +0 cloak {Stlth+}
rCorr   .            (no gloves)
SInv    .            (no boots)
Will    ++...        o - amulet of faith
Stlth   ++++++       g - +6 ring of dexterity
HPRegen 1.37/turn    A - +6 ring of strength
MPRegen 0.26/turn

%: guardian spirit, faith
@: strong-willed, on berserk cooldown, regenerating, slowed, lightly drained,
very slow
A: antennae 1, thin skeletal structure 3, spiny 1, magic shield, magic
regeneration
a: Renounce Religion, Berserk, Trog's Hand, Brothers in Arms


You were on level 13 of the Dungeon.
You worshipped Trog.
Trog was exalted by your worship.
You visited 3 branches of the dungeon, and saw 16 of its levels.
You also visited: Ice Cave.

You collected 1054 gold pieces.

Inventory:

Hand Weapons
 p - the +6 falchion of the Mushroom {antimagic, rC+ Str+3 Stlth+}
   (You found it on level 7 of the Dungeon)

   Str+3:     It affects your strength (+3).
   rC+:       It protects you from cold.
   Stlth+:    It makes you more stealthy.
 q - a +5 heavy morningstar (weapon)
 y - the +5 Force Lance {heavy, knockback}
   (You found it on level 1 of the Lair of Beasts)
 M - a +1 great mace
Armour
 f - a +1 helmet of see invisible
 s - a +0 cloak of stealth (worn)
 t - the +0 chain mail of Hehi {rPois Regen+}
   (You found it on level 4 of the Dungeon)

   rPois:     It protects you from poison Regen+: It increases your rate of
   health regeneration.
 E - +1 ice dragon scales (worn)
 J - a +2 buckler of cold resistance (worn)
 K - a +2 tower shield of cold resistance
Jewellery
 e - a ring of protection from cold
 g - a +6 ring of dexterity (left hand)
 n - a ring of positive energy
 o - an amulet of faith (around neck)
 r - a +6 ring of dexterity
 A - a +6 ring of strength (right hand)
 G - a ring of resist corrosion
Wands
 z - a wand of polymorph (8)
 B - a wand of charming (7)
 F - a wand of iceblast (7)
Scrolls
 a - 6 scrolls of teleportation
 j - a scroll of immolation
 k - 2 scrolls of noise
 l - a scroll of torment
 w - 2 scrolls of vulnerability
 D - 2 scrolls of blinking
Potions
 b - 3 potions of brilliance
 i - 2 potions of magic
 m - a potion of attraction {unknown}
 u - 2 potions of berserk rage
 v - 2 potions of lignification
 x - a potion of curing
 C - 2 potions of haste
 H - 3 potions of mutation {unknown}
 I - a potion of ambrosia {unknown}
 L - 3 potions of invisibility {unknown}


   Skills:
 + Level 11.4 Fighting
 + Level 13.1 Maces & Flails
 + Level 10.1 Armour
 - Level 5.0 Dodging
 - Level 4.0 Stealth
 - Level 7.0 Shields
 + Level 3.6 Evocations


You had 12 spell levels left.
You didn't know any spells.
Your spell library was empty.

Dungeon Overview and Level Annotations

Branches:
Dungeon (13/15)              Lair (2/5) D:11            Orc (1/2) D:12
  IceCv (visited)
 Temple: D:4-7        Swamp: Lair:2-3    Shoals: Lair:2-3     Snake: Lair:2-3
 Spider: Lair:2-3    Vaults: D:13-14

Altars:
Cheibriados
Dithmenos
Hepliaklqana
Kikubaaqudgha
Makhleb
Okawaru
Sif Muna
Uskayaw
Vehumet
Xom

Shops:
D:7 :   D:10 *

Annotations:
D:4 Dowan
D:5 Grinder
D:9 Jeremiah


Innate Abilities, Weirdness & Mutations

You have a pair of small antennae on your head.
You have an unnaturally thin skeletal structure. (Dex +6, Stealth+++)
You are partially covered in sharp spines.
When hurt, damage is shared between your health and your magic reserves.
You regenerate magic rapidly.


Message History

The centaur warrior kicks you but does no damage.
The centaur warrior hits you but does no damage.
The centaur warrior completely misses you.
The tengu warrior hits you with a +2 war axe of flaming.
* * * LOW HITPOINT WARNING * * *
The tengu warrior burns you.
* * * LOW HITPOINT WARNING * * *
You block the tengu warrior's attack. x2
The centaur warrior is struck by your spines.
The centaur warrior hits you but does no damage.
The centaur warrior kicks you but does no damage.
You feel better.
The centaur warrior hits you but does no damage.
The centaur warrior kicks you but does no damage.
The tengu warrior is struck by your spines.
The tengu warrior closely misses you.
The tengu warrior pecks you but does no damage.
The tengu warrior claws you.
* * * LOW HITPOINT WARNING * * *
The centaur warrior closely misses you. You block the centaur warrior's attack.
You block the tengu warrior's attack. x2
The tengu warrior claws you but does no damage.
You spit the centaur warrior like a pig!!!
You kill the centaur warrior!
Trog accepts your kill.
The tengu warrior unwields a +0 battleaxe.
The tengu warrior wields a +0 arbalest.
The tengu warrior shoots a bolt.
You block the bolt.
The tengu warrior is struck by your spines.
The tengu warrior barely misses you.
The tengu warrior pecks you but does no damage.
The tengu warrior closely misses you.
The tengu warrior hits you with a +2 war axe of flaming!
* * * LOW HITPOINT WARNING * * *
The tengu warrior burns you.
* * * LOW HITPOINT WARNING * * *
The tengu warrior completely misses you.
You block the tengu warrior's attack.
The tengu warrior shoots a bolt.
The bolt hits you!
You die...

.§§§. ..⌠§.##
..... #
...###.####
#.yOW..... #c#
#Q# #)# #@#
.######Q#####..
.......Bl......
.######.#####..
#.# #.# #.# #.#
...


You could see a boulder beetle, 2 tengu warriors, a centaur warrior, a
two-headed ogre, a basilisk and a vampire mosquito.

Vanquished Creatures
  A reaper (IceCv)
  An ice dragon (D:9)
  A centaur warrior (D:13)
  2 boulder beetles
  A two-headed ogre (D:10)
  Nergalle (Lair:2)
  A flayed ghost (D:12)
  A deep elf pyromancer (D:10)
  2 ugly things
  Maurice (D:8)
  3 black mambas (Lair:1)
  A gargoyle (D:12)
  2 ice statues (IceCv)
  6 cane toads
  Psyche (D:8)
  A kobold demonologist (D:11)
  A freezing wraith (IceCv)
  2 komodo dragons (Lair:1)
  6 ice devils (IceCv)
  2 trolls
  4 blink frogs (Lair:1)
  47 yaks
  3 basilisks
  A shadow (D:9)
  A dire elephant simulacrum (IceCv)
  3 wyverns
  19 fire bats (D:12)
  8 wraiths
  Grum (D:8)
  A death yak simulacrum (IceCv)
  A two-headed ogre zombie (D:12)
  9 vampire mosquitoes
  2 harpy simulacra (IceCv)
  7 water moccasins
  An acid dragon (D:12)
  A sky beast (D:6)
  4 orc warriors
  A black bear (D:6)
  An ice beast (D:6)
  3 ogres
  4 wolves (D:8)
  6 centaurs
  3 phantoms
  6 kobold brigands
  2 bullfrogs
  6 scorpions
  A cane toad simulacrum (IceCv)
  2 gnoll sergeants (D:6)
  4 two-headed ogre simulacra (IceCv)
  6 wights
  2 troll zombies (D:12)
  32 killer bees
  2 howler monkeys
  2 electric eels (D:9)
  A lava snake (D:10)
  A crimson imp (D:7)
  5 hounds (D:6)
  2 jellies
  Crazy Yiuf (D:2)
  8 orc priests
  A gnoll bouda (D:6)
  4 iguanas
  Natasha (thrice) (D:3)
  10 orc wizards
  2 troll simulacra (IceCv)
  2 wolf simulacra (IceCv)
  3 spriggan simulacra (IceCv)
  5 ogre zombies (D:12)
  5 adders
  A river rat (Lair:2)
  16 gnolls (D:6)
  2 naga simulacra (IceCv)
  3 white imps
  5 ufetubi
  4 worms
  A dart slug (D:3)
  40 orcs
  61 bats
  2 endoplasms
  3 giant cockroaches
  4 gnoll zombies (D:12)
  3 goblins (D:3)
  5 hobgoblins
  11 jackals
  3 quokkas
  5 ball pythons
  4 frilled lizards
  4 gnoll skeletons (D:12)
  14 kobolds
  5 orc skeletons (D:12)
  12 orc zombies (D:12)
  3 rats
497 creatures vanquished.

Vanquished Creatures (collateral kills)
  A bullfrog (Lair:1)
1 creature vanquished.

Vanquished Creatures (others)
  An orc (Orc:1)
1 creature vanquished.

Grand Total: 499 creatures vanquished

Notes
Turn   | Place    | Note
-------+----------+-------------------------------------------
     0 | D:1      | dialectric the Demonspawn Berserker began the quest for the
                  | Orb.
     0 | D:1      | Reached XP level 1. HP: 18/18 MP: 1/1
   104 | D:1      | Gained mutation: You are partially covered in sharp spines.
                  | [demonic ancestry]
   104 | D:1      | Reached XP level 2. HP: 24/24 MP: 2/2
   116 | D:1      | Reached skill level 3 in Maces & Flails
   123 | D:1      | You fall into a shaft and drop 1 floor!
   416 | D:2      | Gained mutation: You have a pair of small antennae on your
                  | head. [demonic ancestry]
   416 | D:2      | Reached XP level 3. HP: 19/29 MP: 3/3
  1061 | D:2      | Found a runed translucent door.
  1062 | D:2      | Noticed Crazy Yiuf
  1137 | D:3      | Reached ** piety under Trog
  1161 | D:3      | Noticed Natasha
  1181 | D:3      | Killed Natasha
  1182 | D:3      | Gained mutation: You have a somewhat thin skeletal
                  | structure. (Dex +2, Stealth+) [demonic ancestry]
  1182 | D:3      | Reached XP level 4. HP: 14/37 MP: 4/4
  1236 | D:3      | Noticed Natasha
  1243 | D:3      | Killed Natasha
  1357 | D:3      | Noticed Natasha
  1370 | D:3      | Killed Natasha
  1371 | D:3      | Gained mutation: You have a moderately thin skeletal
                  | structure. (Dex +4, Stealth++) [demonic ancestry]
  1371 | D:3      | Reached XP level 5. HP: 28/42 MP: 5/5
  1476 | D:3      | Found a faded altar of an unknown god.
  1712 | D:3      | Found a burning altar of Makhleb.
  1725 | D:3      | Found a snail-covered altar of Cheibriados.
  1726 | D:3      | Found an iron altar of Okawaru.
  1726 | D:3      | Found a shadowy altar of Dithmenos.
  1728 | D:3      | Found a shimmering blue altar of Sif Muna.
  1730 | D:3      | Reached skill level 4 in Maces & Flails
  2071 | D:4      | Found a hide-covered altar of Uskayaw.
  2072 | D:4      | Noticed an ogre
  2217 | D:2      | Killed Crazy Yiuf
  2218 | D:2      | Reached XP level 6. HP: 40/49 MP: 6/6
  2385 | D:4      | Noticed a +0 dagger
  2386 | D:4      | Noticed a +0 dagger
  2386 | D:4      | Noticed Dowan
  2486 | D:4      | Identified the +0 chain mail of Hehi {rPois Regen+}
  2508 | D:5      | Entered Level 5 of the Dungeon
  2833 | D:5      | Noticed Grinder
  2972 | D:6      | Gained mutation: You regenerate magic rapidly. [demonic
                  | ancestry]
  2972 | D:6      | Reached XP level 7. HP: 55/55 MP: 7/7
  3026 | D:6      | Reached skill level 5 in Maces & Flails
  3065 | D:6      | Reached skill level 5 in Fighting
  3214 | D:6      | Found an ancient bone altar of Kikubaaqudgha.
  3232 | D:6      | Reached *** piety under Trog
  3446 | D:6      | Reached XP level 8. HP: 34/62 MP: 8/8
  3514 | D:6      | Reached skill level 6 in Maces & Flails
  3514 | D:6      | Reached skill level 5 in Armour
  3883 | D:6      | Reached skill level 7 in Maces & Flails
  3916 | D:6      | Reached XP level 9. HP: 52/69 MP: 9/9
  3938 | D:7      | Reached **** piety under Trog
  4086 | D:7      | Found Senoxke's Book Shop.
  4190 | D:7      | Identified the +6 long sword "Kogeeliar" {venom, rPois SInv
                  | Stlth+}
  4283 | D:7      | Found a radiant altar of Vehumet.
  4437 | D:7      | Identified the +6 falchion of the Mushroom {antimagic, rC+
                  | Str+3 Stlth+}
  4705 | D:8      | Noticed Maurice
  4705 | D:8      | Noticed Grum
  4715 | D:8      | Reached skill level 8 in Maces & Flails
  4726 | D:8      | Something stole a +6 ring of strength
  4727 | D:8      | Something stole the +6 falchion of the Mushroom {antimagic,
                  | rC+ Str+3 Stlth+}
  4738 | D:8      | Killed Grum
  4750 | D:8      | Killed Maurice
  4921 | D:8      | Reached skill level 9 in Maces & Flails
  4928 | D:8      | Gained mutation: You have an unnaturally thin skeletal
                  | structure. (Dex +6, Stealth+++) [demonic ancestry]
  4928 | D:8      | Reached XP level 10. HP: 57/79 MP: 10/10
  5125 | D:8      | Noticed Psyche
  5140 | D:8      | Killed Psyche
  5234 | D:9      | Reached ***** piety under Trog
  5276 | D:9      | Noticed Jeremiah
  5391 | D:9      | Reached skill level 10 in Maces & Flails
  5430 | D:9      | Received a gift from Trog
  5557 | D:9      | Noticed an ice dragon
  5702 | D:9      | HP: 3/120 [ice dragon/blast of cold (19)]
  5703 | D:9      | Killed an ice dragon
  6372 | D:10     | Entered Level 10 of the Dungeon
  6477 | D:10     | Noticed a deep elf pyromancer
  6483 | D:10     | Killed a deep elf pyromancer
  6484 | D:10     | Reached XP level 11. HP: 59/87 MP: 11/11
  6575 | D:10     | Noticed a two-headed ogre
  6583 | D:10     | Killed a two-headed ogre
  6584 | D:10     | Reached skill level 11 in Maces & Flails
  6633 | D:10     | Found Kapsapni's Overcharged Wands.
  7423 | D:11     | Found a staircase to the Lair.
  7452 | D:11     | Reached skill level 1 in Stealth
  7464 | D:11     | Received a gift from Trog
  7957 | Lair:1   | Entered Level 1 of the Lair of Beasts
  7989 | Lair:1   | Found a frozen archway.
  7998 | Lair:1   | Found the +5 Force Lance {heavy, knockback}
  8007 | IceCv    | Entered an ice cave
  8272 | IceCv    | Reached skill level 10 in Fighting
  9029 | IceCv    | Noticed a reaper
  9056 | IceCv    | Killed a reaper
  9057 | IceCv    | Reached skill level 12 in Maces & Flails
  9057 | IceCv    | Reached skill level 1 in Evocations
  9057 | IceCv    | Gained mutation: When hurt, damage is shared between your
                  | health and your magic reserves. [demonic ancestry]
  9057 | IceCv    | Reached XP level 12. HP: 31/98 MP: 12/12
  9880 | Lair:1   | Reached skill level 1 in Shields
  9885 | Lair:1   | Reached skill level 10 in Armour
  9887 | Lair:1   | Received a gift from Trog
 10526 | Lair:2   | Identified the +0 leather armour of the Dwarven Hall {rPois
                  | Str-4 Int+5 Stlth+}
 10579 | Lair:2   | Noticed Nergalle
 10594 | Lair:2   | Killed Nergalle
 10658 | Lair:2   | Reached skill level 5 in Dodging
 10734 | Lair:2   | Reached skill level 5 in Shields
 10847 | Lair:2   | Noticed a boulder beetle
 10880 | Lair:2   | Killed a boulder beetle
 11161 | D:12     | Received a gift from Trog
 11162 | D:12     | Reached XP level 13. HP: 104/106 MP: 13/13
 11208 | D:12     | Found a staircase to the Orcish Mines.
 11354 | D:12     | Identified the +9 falchion of Valiance {freeze, rF++ rC+
                  | Str-2 Int+3}
 11774 | D:12     | Found a radiant altar of Vehumet.
 11834 | D:12     | Found a burning altar of Makhleb.
 11835 | D:12     | Reached ****** piety under Trog
 11864 | D:12     | Found a runed translucent door.
 11868 | D:12     | Received a gift from Trog
 11909 | D:12     | Found a shimmering altar of Xom.
 11927 | D:12     | Found a snail-covered altar of Cheibriados.
 12134 | D:12     | Found a shimmering altar of Xom.
 12205 | D:12     | Found a hazy altar of Hepliaklqana.
 12419 | D:12     | Reached skill level 13 in Maces & Flails
 12609 | Orc:1    | Entered Level 1 of the Orcish Mines
 12609 | Orc:1    | Noticed an orc warlord
 12695 | D:13     | HP: 3/104 [tengu warrior/+2 war axe of flaming (5)]
 12695 | D:13     | Shot with a bolt by a tengu warrior

Illustrated notes

Levels and vault maps discovered:
D:1:      matt_arrival_grand_opening, layout_basic
D:2:      layout_basic, uniq_crazy_yiuf_cottage
D:3:      layout_rooms, minitemple, hellmonk_ecumenical_altar_inner_sanctum,
          uniq_natasha
D:4:      layout_rooms, gammafunk_temple_overflow_arena, marbit_many_paths,
          dancing_weapons_uskayaw, doesnt_xom_only_xom, uniq_duvessa
D:5:      layout_loops_ring, mainiacjoe_overflow_brackets, trog_butcher_becter,
          lemuel_temple_firewalk_b, uniq_grinder
D:6:      kennysheep_housing_project, layout_basic,
          nicolae_overflow_crystal_walls
D:7:      layout_rooms, general_overflow_altar, serial_shops, shop,
          hangedman_abyss_or_decor_passed, minmay_fire_ice_demons
D:8:      layout_basic, uniq_maurice, uniq_psyche, uniq_grum
D:9:      layout_long_grid, amcnicky_altar_gilded, special_room
          [special_room_orc], serial_shops, nicolae_shop_waterfront,
          kennysheep_cross_bottleneck, kennysheep_island_fort, uniq_jeremiah
D:10:     layout_big_octagon, minmay_door_square, nicolae_shop_overcharged_wands
D:11:     layout_basic, minmay_lair_entry_grove
D:12:     due_megacathedral, layout_loops_ring, zombieorc2_lemuel,
          due_unseen_surprise
D:13:     layout_small_grid, nicolae_shop_fire_sale [nicolae_sub_dead_trees],
          uniq_snorg
Lair:1:   layout_gridlike, portal_ice_cave_entry_pillars_2, serial_bayou_shore_b
Lair:2:   hangedman_what_comes_after_a, layout_loops_ring,
          cheibrodos_lair_reptile_den, uniq_nergalle, uniq_urug
Orc:1:    layout_caves, serial_shops, shop

Skill      XL: |  1  2  3  4  5  6  7  8  9 10 11 12 13 |
---------------+----------------------------------------+-----
Maces & Flails | 3 4 5 7 9 10 12 13 | 13.1
Dodging        | 2 3 5 |  5.0
Fighting       | 4 5 6 7 8 10 11 | 11.4
Armour         | 2 3 4 6 7 8 9 10 | 10.1
Stealth        | 1 4 |  4.0
Evocations     | 1 3 |  3.6
Shields        | 6 7 |  7.0

Action                     |  1- 3 |  4- 6 |  7- 9 | 10-12 | 13-15 || total
---------------------------+-------+-------+-------+-------+-------++-------
  Melee: Mace              |    15 |       |       |       |       ||    15
         Whip              |    75 |   131 |   115 |       |       ||   321
         Punch             |     2 |     2 |     5 |     6 |       ||    15
         Morningstar       |       |       |   144 |   671 |   257 ||  1072
         Unarmed           |       |       |       |     5 |       ||     5
  Throw: Dart              |     1 |     4 |       |       |       ||     5
 Invoke: Berserk           |     1 |     4 |     3 |    14 |     2 ||    24
         Trog's Hand       |       |       |       |     2 |     1 ||     3
  Evoke: Wand              |       |       |       |    31 |       ||    31
    Use: Scroll            |       |     2 |     6 |     5 |     6 ||    19
         Potion            |       |     1 |     1 |       |     3 ||     5
   Stab: Sleeping          |       |    11 |     2 |     9 |     1 ||    23
         Confused          |       |       |       |     1 |       ||     1
         Distracted        |       |       |       |     2 |     5 ||     7
 Armour: Animal skin       |    30 |       |       |       |       ||    30
         Ring mail         |     9 |    50 |       |       |       ||    59
         Chain mail        |       |    12 |   273 |   110 |       ||   395
         Ice dragon scales |       |       |       |   397 |   210 ||   607
         Skin              |       |       |       |     2 |       ||     2
  Dodge: Dodged            |    59 |    52 |   154 |   331 |   138 ||   734
  Block: Buckler           |       |       |       |   105 |   162 ||   267

Table legend: (Time is in decaauts)
 A = Elapsed time spent in this place.
 B = Non-inter-level travel time spent in this place.
 C = Inter-level travel time spent in this place.
 D = Time resting spent in this place.
 E = Time spent auto-exploring this place.
 F = Levels seen in this place.
 G = Mean time per level.
                   A        B        C        D        E       F      G
               +--------+--------+--------+--------+--------+-----+--------+
         Total |  12881 |  12435 |    446 |    431 |   7918 |  17 |  757.7 |
       Dungeon |   9784 |   9428 |    356 |    236 |   6211 |  13 |  752.6 |
          Lair |   1627 |   1538 |     89 |     20 |    921 |   2 |  813.5 |
  Orcish Mines |      3 |      3 |      0 |      0 |      0 |   1 |    3.0 |
      Ice Cave |   1465 |   1465 |      0 |    174 |    786 |   1 | 1465.0 |
               +--------+--------+--------+--------+--------+-----+--------+

Top non-repeatable levels by time:
    D:12: 1656 daAuts
     D:6: 1475 daAuts
   IceCv: 1465 daAuts
  Lair:1: 1207 daAuts
     D:2: 1147 daAuts
     D:3: 1078 daAuts
    D:11: 832 daAuts
    D:10: 796 daAuts
     D:8: 796 daAuts
     D:9: 687 daAuts
     D:7: 621 daAuts
  Lair:2: 420 daAuts
     D:5: 336 daAuts
     D:4: 177 daAuts
     D:1: 137 daAuts
